[Event "*** Titled Tuesday Blitz"]
[Site "Chess.com"]
[Date "2019.01.01"]
[Round "7"]
[White "Justinz"]
[Black "Generalas"]
[Result "1-0"]
[WhiteElo "2363"]
[BlackElo "2232"]
[TimeControl "180+2"]
[EndTime "14:40:47 PST"]
[Termination "Justinz won by resignation"]

1. d4 Nf6 2. c4 e6 3. Nc3 Bb4 4. Qc2 O-O 5. a3 Bxc3+ 6. Qxc3 b6 7. Bg5 Bb7 8. Nf3 h6 9. Bh4 d6 10. Nd2 Nbd7 11. f3 c5 12. e4 cxd4 13. Qxd4 Qc7 14.
Bg3 Ne5 15. Be2 Qc5 16. Qxc5 bxc5 17. O-O Rfd8 18. b4 Nc6 19. Rab1 Nd4 20. Bd3 Bc6 21.
Nb3 Nxb3 22. Rxb3 e5 23. Bf2 Rab8 24. Rfb1 Nd7 25. b5 Bb7 26. g3 Nf8 27. Bf1 Bc8 28. Rd3 Ne6 29. Bh3 Nd4 30. Bxc8 Rdxc8 31. Kg2 a6 32. a4 axb5 33. cxb5 Ra8 34. Ra3 Rcb8 35. b6 Nc2 36. Rd3 Nd4 37. Ra3 Nc2 38. Rd3 Nd4 39. Bxd4 exd4 40. Ra3 Ra5 41. Kf2 c4 42. Ke2 c3 43. Kd3 Kf8 44. Ra2 Rc5 45. Kxd4 c2 46.
Rc1 Rxb6 47. Raxc2 Rb4+ 48. Rc4 Rxa4 49. Rxa4 Rxc1 50. Ra6 Ke7 51. f4 Rc2 52. Ra7+ Ke6 53. Ra6 Rd2+ 54. Ke3 f6 55. Kxd2 1-0

[Event "*** Titled Tuesday Blitz"]
[Site "Chess.com"]
[Date "2019.01.01"]
[Round "7"]
[White "bugsbunny444"]
[Black "Rainmond"]
[Result "1-0"]
[WhiteElo "2544"]
[BlackElo "2768"]
[TimeControl "180+2"]
[EndTime "14:40:50 PST"]
[Termination "bugsbunny444 won by resignation"]

1. Nf3 c5 2. c4 Nf6 3. g3 g6 4. b3 Bg7 5. Bb2 O-O 6. Bg2 Nc6 7. O-O d5 8. cxd5 Qxd5 9. Ne5 Qd6 10. Nxc6 bxc6 11. d3 Nd5 12. Bxg7 Kxg7 13. Qc2 Bg4 14. Nd2 Nb4 15. Qb2+ Qd4 16. Qxd4+ cxd4 17. Bf3 Bxf3 18. Nxf3 c5 19. Rfc1 Rfc8 20. a3 Nd5 21. b4 Nc3 22. Kf1 cxb4 23. axb4 Nb5 24. Rc4 f6 25. Ra5 a6 26. Nxd4 Rxc4 27. Ne6+ Kf7 28.
dxc4 Nd6 29. Nc5 Nxc4 30. Rxa6 Rb8 31. Nd3 h5 32. h4 Nd2+ 33. Ke1 Ne4 34. Rc6 Ra8 35.
Rc1 Ra3 36. Rb1 Nc3 37. Rb2 Ne4 38. Rb1 Ke8 39. b5 Kd7 40. b6 Kc8 41. b7+ Kb8 42. Nb4 Nc3 43. Nc6+ Kc7 44. b8=Q+ Kxc6 45. Qb6+ Kd5 46. Rd1+ Nxd1 47. Kxd1 Ra1+ 48. Kd2 Ra2+ 49. Kd3 Ra3+ 50. Kc2 Ra2+ 51. Kc3 Ra3+ 52. Kb2 1-0

[Event "*** Titled Tuesday Blitz"]
[Site "Chess.com"]
[Date "2019.01.01"]
[Round "7"]
[White "ama18"]
[Black "Fins0905"]
[Result "1-0"]
[WhiteElo "2459"]
[BlackElo "2563"]
[TimeControl "180+2"]
[EndTime "14:40:50 PST"]
[Termination "ama18 won by resignation"]

1. e4 d5 2. exd5 Qxd5 3. Nc3 Qa5 4. d4 Nf6 5. Bc4 c6 6. Ne2 Bf5 7. O-O e6 8. f3 Nbd7 9. Ng3 Bg6 10. Bb3 Qc7 11. Kh1 Bd6 12. f4 O-O-O 13. Qe2 Rde8 14. Nce4 h5 15. Ng5 h4 16. N3e4 h3 17. g3 Nxe4 18.
Nxe4 Nf6 19. Nxd6+ Qxd6 20. Be3 Be4+ 21. Kg1 Bg2 22. Rfd1 Nh5 23. Bf2 f6 24. Re1 Kb8 25. Rad1 Ka8 26. c4 g6 27. Qe3 Qb8 28. a4 Rhg8 29. a5 g5 30. fxg5 Rxg5 31. Ra1 a6 32. Bd1 Ng7 33. Bc2 Nf5 34. Bxf5 Rxf5 35. b4 Rf3 36.
Qe2 e5 37. dxe5 Rxe5 38. Qd2 Rff5 39. Qd4 c5 40. bxc5 Bc6 41. Rad1 Rxe1+ 42. Rxe1 Re5 43.
Rd1 Re8 44. Qxf6 Qc8 45. Qf4 Qe6 46. Re1 Qg6 47. Rxe8+ Qxe8 48. Qe3 Qd7 49. Qd4 Qe8 50. Be3 Ka7 51. Kf2 Qg6 52. g4 Qc2+ 53. Bd2 Qd1 54. Qe3 Qf1+ 55. Kxf1 1-0

[Event "*** Titled Tuesday Blitz"]
[Site "Chess.com"]
[Date "2019.01.01"]
[Round "7"]
[White "CaptainCasanova"]
[Black "GMWSO"]
[Result "1/2-1/2"]
[WhiteElo "2754"]
[BlackElo "2970"]
[TimeControl "180+2"]
[EndTime "14:40:51 PST"]
[Termination "Game drawn by agreement"]

1. d4 Nf6 2. c4 e6 3. Nf3 d5 4. Nc3 dxc4 5. Qa4+ Nbd7 6. e4 a6 7. Bxc4 Rb8 8. Qc2 b5 9. Be2 Bb7 10. e5 Nd5 11. O-O c5 12. Bg5 Qb6 13. Rad1 h6 14. Nxd5 Bxd5 15. Be3 c4 16. Kh1 Qc6 17. Rg1 Be7 18.
Nd2 O-O 19. Bf3 f5 20. exf6 Nxf6 21. Bf4 Ng4 22. Bg3 Rxf3 23. Nxf3 Rf8 24. Ne5 Nxe5 25. Bxe5 b4 26. f4 Be4 27. Qd2 c3 28. bxc3 bxc3 29. Qe3 c2 30. Rc1 Bf6 31. h3 Bxe5 32.
fxe5 Qd5 33. Kh2 Bg6 34. Qc3 Qxa2 35. Ra1 Qd5 36. Rxa6 Rf2 37. Qc8+ Kh7 38. Qc3 Be4 39. Ra7 Rf5 40. Ra6 Rg5 41. Ra7 Qb5 42. Qe3 Qc6 43. Raa1 Bxg2 44. Qd2 Be4 45. Rxg5 hxg5 46. Qxg5 Qc3 47.
Rg1 g6 48. Qh4+ Kg7 49. Qxe4 Qd2+ 50. Kh1 c1=Q 51. Rxc1 Qxc1+ 52. Kh2 Qd2+ 53. Kh1 Qc1+ 54. Kg2 Qd2+ 55. Kg3 Qc3+ 56. Kg4 Qd2 57. Qf4 Qe2+ 58. Kg3 Qe1+ 59. Kg2 Qe2+ 60. Kg3 Qe1+ 1/2-1/2

[Event "*** Titled Tuesday Blitz"]
[Site "Chess.com"]
[Date "2019.01.01"]
[Round "7"]
[White "DanielMieles1985"]
[Black "guillembaches"]
[Result "1-0"]
[WhiteElo "2358"]
[BlackElo "2364"]
[TimeControl "180+2"]
[EndTime "14:40:52 PST"]
[Termination "DanielMieles1985 won by resignation"]

1. d4 Nf6 2. c4 e6 3. Nf3 Bb4+ 4. Bd2 c5 5. Bxb4 cxb4 6. a3 bxa3 7. Nxa3 O-O 8. e3 d6 9. Be2 Nc6 10. O-O e5 11. d5 Nb4 12. Nb5 a5 13. Ne1 b6 14.
Nd3 Nxd3 15. Bxd3 Ba6 16. Nc3 Qe7 17. b3 g6 18. Qd2 Nd7 19. f4 f5 20. Rae1 Nc5 21.
Bc2 a4 22. b4 Nd7 23. b5 Bb7 24.
Nxa4 e4 25. Qd4 Qg7 26. Ra1 Rfc8 27. Bb3 Rc7 28. Ra2 Re8 29. Qxg7+ Kxg7 30. Nb2 Nc5 31. Bc2 h6 32. Kf2 Kf6 33. Ra7 g5 34. Ke2 Rg7 35. g3 gxf4 36. Rxf4 Ke5 37. Na4 Nd3 38. Bxd3 exd3+ 39. Kxd3 Reg8 40. Nxb6 h5 41. Rh4 Rg5 42. Na4 Bc8 43.
Nc3 R5g7 44. Rxg7 Rxg7 45. Rxh5 Ra7 46. Rh8 Bd7 47. Rd8 Kf6 48. Ne2 Ke7 49. Rh8 Ra3+ 50. Kd4 Ra2 51. Nf4 Rd2+ 52. Kc3 Ra2 53. Rh7+ Kd8 54. Ne6+ Kc8 55. Nd4 Ra3+ 56. Kd2 f4 57. gxf4 Bg4 58. b6 Ra2+ 59. Kc3 Ra1 60. Rc7+ 1-0

[Event "*** Titled Tuesday Blitz"]
[Site "Chess.com"]
[Date "2019.01.01"]
[Round "7"]
[White "Blagorod"]
[Black "IngOscarArdila"]
[Result "1-0"]
[WhiteElo "2101"]
[BlackElo "2049"]
[TimeControl "180+2"]
[EndTime "14:40:53 PST"]
[Termination "Blagorod won on time"]

1. e4 e5 2. Nf3 Nf6 3. Nxe5 d6 4. Nf3 Nxe4 5. d4 Be7 6. Bd3 Nf6 7. O-O O-O 8. c4 Nc6 9. d5 Nb8 10. h3 a5 11. Re1 Na6 12. Nd4 Nc5 13. Bc2 Re8 14. Nc3 Bf8 15. Bg5 Rxe1+ 16. Qxe1 g6 17. Qe3 Bg7 18.
Qf4 Ncd7 19. Ne4 Qe7 20. Nb5 Qe5 21. Qxe5 dxe5 22. Nxc7 Rb8 23. g4 Nxe4 24. Bxe4 Nc5 25. Bc2 f5 26. gxf5 Bxf5 27. Bxf5 gxf5 28. d6 Kf7 29. b3 e4 30. Re1 Be5 31. Be7 Nd3 32. Rd1 Bd4 33. Rd2 Rg8+ 34. Kf1 Bb6 35. Nd5 Bc5 36. h4 Ke6 37. Ke2 Bxd6 38. Bxd6 Kxd6 39.
Nf4 Ke5 40. Nxd3+ exd3+ 41. Rxd3 Rg4 42. Rh3 f4 43. Kf3 h5 44. Ke2 Kd4 45. Rd3+ Ke4 46.
f3+ Ke5 47. fxg4 hxg4 48. h5 Ke4 49. Rd8 f3+ 50. Kf2 Kf4 51. Rf8+ Kg5 52. Kg3 Kxh5 53. Rh8+ Kg5 54. Rg8+ Kf5 55. Rxg4 Ke5 56. Kxf3 Kd6 57. Rg5 Kc6 58. Rxa5 1-0

[Event "*** Titled Tuesday Blitz"]
[Site "Chess.com"]
[Date "2019.01.01"]
[Round "7"]
[White "Vegan4future"]
[Black "rikyshi"]
[Result "1-0"]
[WhiteElo "2351"]
[BlackElo "2198"]
[TimeControl "180+2"]
[EndTime "14:40:54 PST"]
[Termination "Vegan4future won by checkmate"]

1. d4 d5 2. c4 c6 3. Nf3 Nf6 4. e3 e6 5. b3 Nbd7 6. Bd3 Bd6 7. Bb2 O-O 8. O-O Qe7 9. Ne5 c5 10. f4 cxd4 11. exd4 dxc4 12. bxc4 Rd8 13. Nd2 Nf8 14. Ndf3 b6 15. Qc2 Bb7 16. Ng5 Rd7 17. Ngxf7 Rc7 18.
Rae1 Rac8 19. Ng5 Nd5 20. Bxh7+ Kh8 21. Ngf7+ Qxf7 22. Nxf7+ Rxf7 23. Be4 Nb4 24. Qe2 Bxe4 25. Qxe4 Rxc4 26. f5 exf5 27. Rxf5 Rxf5 28. Qxf5 Rc2 29. Ba1 Rxa2 30. d5 Bc5+ 31. Kh1 Nc2 32. Qh3+ Kg8 33. Qb3 Rxa1 34. Rxa1 Nxa1 35. Qb2 Nd7 36. Qxa1 a5 37. Qa4 Nf6 38. Qc6 Kf7 39. Qe6+ Kf8 40. d6 a4 41. d7 Be7 42. Qxb6 Nxd7 43. Qa7 Nc5 44. g3 Ke8 45. Kg2 g5 46. Kf3 Kd8 47. Kg4 Ke8 48. h4 gxh4 49. gxh4 Ne6 50. Qxa4+ Kf7 51. Qa2 Kf6 52. h5 Bf8 53. Qa6 Bh6 54. Qa5 Kg7 55. Qf5 Nf8 56. Qc8 Kh8 57. Qd8 Kg7 58. Qe8 Kh8 59. Qf7 Bg7 60. Kf5 Bh6 61. Kf6 Nh7+ 62.
Kg6 Bf8 63. Qxh7# 1-0

[Event "*** Titled Tuesday Blitz"]
[Site "Chess.com"]
[Date "2019.01.01"]
[Round "7"]
[White "ASVZ"]
[Black "Pakarma"]
[Result "0-1"]
[WhiteElo "2256"]
[BlackElo "2454"]
[TimeControl "180+2"]
[EndTime "14:41:03 PST"]
[Termination "Pakarma won by checkmate"]

1. e4 c5 2. c3 Nf6 3. e5 Nd5 4. d4 cxd4 5. Qxd4 e6 6. Nf3 Nc6 7. Qe4 d6 8. Bb5 Bd7 9. c4 Nc7 10. exd6 Bxd6 11. O-O a6 12. Ba4 b5 13. Rd1 Bc5 14. Bc2 Qe7 15. Bf4 Rc8 16. Nc3 Nb4 17. Bb1 Bc6 18. Qe2 bxc4 19. Qxc4 Nbd5 20. Bg3 Nxc3 21.
Qxc3 O-O 22. Rc1 Bxf3 23. Qxf3 Nd5 24. Be4 Nf6 25. Bh4 Bd4 26. Rd1 Qa7 27. Bxf6 Bxf6 28.
Rac1 Rxc1 29. Rxc1 Bxb2 30. Rb1 Bf6 31. h4 Qd4 32. h5 g6 33. Rb7 Qa1+ 34. Kh2 Qe5+ 35. g3 Rd8 36. Kg2 gxh5 37. Bd3 Rd6 38. Ra7 a5 39. Bc2 Kg7 40. a4 Qd5 41. Be4 Qc5 42. Rb7 Rd2 43. Rb5 Qd4 44. Rxh5 h6 45. Rxa5 Bd8 46.
Ra8 Bb6 47. Qg4+ Kf6 48. Qh4+ Kg7 49. Qg4+ Kf6 50. Qf4+ Ke7 51. Qh4+ f6 52. Kh3 Qxf2 53.
Kg4 Qe2+ 54. Bf3 Rd4+ 55. Kh5 Rxh4+ 56. Kg6 Qxf3 57. gxh4 Qxa8 58. h5 Qxa4 59. Kh7 Qg4 60. Kxh6 Kf7 61. Kh7 Qxh5# 0-1

[Event "*** Titled Tuesday Blitz"]
[Site "Chess.com"]
[Date "2019.01.01"]
[Round "7"]
[White "m3alam"]
[Black "ori99"]
[Result "1-0"]
[WhiteElo "2130"]
[BlackElo "1993"]
[TimeControl "180+2"]
[EndTime "14:41:13 PST"]
[Termination "m3alam won by resignation"]

1. d4 d5 2. Nf3 Nf6 3. g3 e6 4. Bg2 Be7 5. O-O O-O 6. c4 Nbd7 7. Nc3 b6 8. Ne5 Bb7 9. Qa4 Nxe5 10. dxe5 Ne4 11.
Nxe4 dxe4 12. Rd1 Qe8 13. Qc2 Rd8 14. Rxd8 Qxd8 15. Be3 Qa8 16. Rd1 Rd8 17. Rxd8+ Bxd8 18. c5 bxc5 19. Qxc5 Bd5 20. a4 a6 21. b4 h6 22.
h4 Qc6 23. b5 Qxc5 24. Bxc5 axb5 25. axb5 Bc4 26. e3 Bxb5 27. Bxe4 c6 28. f4 f6 29. exf6 Bxf6 30. h5 Kf7 31. Kf2 Ke8 32. Ke1 Kd7 33.
Kd2 e5 34. f5 Ba4 35. Bf3 Kc7 36. Kd3 Bb3 37. e4 Ba2 38. Kc3 Kb7 39. Kb4 Ka6 40.
Bf8 Kb6 41. Bc5+ Kb7 42. Be3 Bf7 43. Ka5 Bd8+ 44. Ka4 Be7 45. Ka5 Ba3 46. Bd2 Be7 47. Bc3 Bd6 48. Bb4 Bc7+ 49. Ka4 Bc4 50. Bf8 Bb5+ 51.
Kb4 Ka6 52. Bxg7 Ba5+ 53. Kc5 Bb6+ 54. Kd6 Bd4 55. Bxh6 c5 56. Bc1 c4 57. h6 Bc3 58. h7 Bb4+ 59. Kc7 Ba5+ 60. Kd6 Bb4+ 61. Ke6 Ka5 62. h8=Q 1-0

[Event "*** Titled Tuesday Blitz"]
[Site "Chess.com"]
[Date "2019.01.01"]
[Round "7"]
[White "IMAghasiyevKamal"]
[Black "MatthewG-p4p"]
[Result "1-0"]
[WhiteElo "2554"]
[BlackElo "2633"]
[TimeControl "180+2"]
[EndTime "14:41:16 PST"]
[Termination "IMAghasiyevKamal won by resignation"]

1. d4 Nf6 2. c4 c5 3. Nf3 cxd4 4. Nxd4 e5 5. Nb3 Nc6 6. Nc3 Bb4 7. Bd2 O-O 8. Nd5 Be7 9. g3 d6 10. Bg2 Nxd5 11. cxd5 Nb8 12. O-O f5 13. Rc1 Nd7 14.
Qc2 Bg5 15. Bxg5 Qxg5 16. Qc7 Qf6 17. Nd2 Nb6 18. e4 f4 19. b3 Rf7 20. Qc3 Bg4 21.
f3 Bd7 22. Rfe1 fxg3 23. hxg3 h5 24. a4 Be8 25. a5 Nd7 26. Qe3 Nf8 27. Rc3 h4 28. gxh4 Ng6 29. Qg5 Nxh4 30. Qxf6 Rxf6 31. Kf2 Bh5 32. Rec1 Raf8 33. Rc8 g5 34. Kg3 Rf7 35.
Rxf8+ Kxf8 36. b4 Kg7 37. Rc3 Kh6 38. Bh3 Rg7 39. b5 Kh7 40. b6 axb6 41. axb6 Kh6 42.
Rc7 Ng6 43. Bc8 Ne7 44. Bxb7 g4 45. fxg4 Bxg4 46. Kf2 Kg5 47. Ke3 Rh7 48. Bc6 Bc8 49. Nf3+ Kg4 50. b7 Bxb7 51. Rxb7 Rf7 52. Nxe5+ dxe5 53. d6 Rf3+ 54. Ke2 Nxc6 55. Rg7+ Kf4 56. Rf7+ Kxe4 57. Rxf3 Nd4+ 58. Kf2 Nxf3 59. d7 1-0

[Event "*** Titled Tuesday Blitz"]
[Site "Chess.com"]
[Date "2019.01.01"]
[Round "7"]
[White "Obito24"]
[Black "Lion_DL"]
[Result "1-0"]
[WhiteElo "2626"]
[BlackElo "2365"]
[TimeControl "180+2"]
[EndTime "14:41:16 PST"]
[Termination "Obito24 won by checkmate"]

1. d4 Nf6 2. Nf3 c5 3. d5 d6 4. Nc3 g6 5. e4 Bg7 6. Bb5+ Bd7 7. a4 O-O 8. O-O Bg4 9. Re1 Nbd7 10. h3 Bxf3 11. Qxf3 e6 12. Qd1 e5 13. a5 a6 14.
Be2 Ne8 15. Nb1 f5 16. Nd2 Ndf6 17. Bf3 fxe4 18. Bxe4 Nh5 19. Nc4 Nf4 20. Nb6 Rb8 21.
b4 cxb4 22. Rb1 Nc7 23. Rxb4 Nb5 24. c4 Nd4 25. Be3 Nf5 26. Bd2 Qc7 27. Rb3 Nd4 28.
Rbe3 Rf7 29. Bb4 Rbf8 30. Rf1 Bh6 31. Kh2 Qe7 32. Rg3 Nh5 33. Qxh5 Bf4 34. Qg4 Bxg3+ 35. Qxg3 Ne2 36. Qg4 Nf4 37. Bd2 h5 38. Qg3 Ne2 39. Qxg6+ Rg7 40. Qe6+ Kh8 41. Bh6 Qxe6 42. dxe6 Re8 43.
Bxg7+ Kxg7 44. Bd5 Kf6 45. Re1 Nd4 46. Bxb7 Kxe6 47. Bd5+ Kf6 48. f4 h4 49. fxe5+ dxe5 50. Nd7+ Kf5 51. Kg1 e4 52. Nc5 e3 53. Nxa6 Nc2 54. Rf1+ Ke5 55. Bf3 Kd4 56. Nc7 Rc8 57.
Nb5+ Kd3 58. a6 Rxc4 59. Rd1# 1-0

[Event "*** Titled Tuesday Blitz"]
[Site "Chess.com"]
[Date "2019.01.01"]
[Round "7"]
[White "biostatistician"]
[Black "Torrentec"]
[Result "1-0"]
[WhiteElo "2449"]
[BlackElo "2309"]
[TimeControl "180+2"]
[EndTime "14:41:23 PST"]
[Termination "biostatistician won by resignation"]

1. d4 g6 2. Nf3 Bg7 3. c4 d6 4. Nc3 Nf6 5. e4 O-O 6. Be2 Nbd7 7. O-O e5 8. Be3 c6 9. d5 cxd5 10. cxd5 Re8 11. Nd2 a6 12. a4 Nf8 13. Nc4 h6 14.
Nb6 Rb8 15. Rc1 N8h7 16. b4 Ng5 17. f3 Nh5 18. g3 Bh3 19. Rf2 Bd7 20. a5 Nh3+ 21.
Kg2 Nxf2 22. Kxf2 f5 23. Kg2 Rf8 24. Nca4 fxe4 25. fxe4 Nf6 26. Nxd7 Qxd7 27. Nb6 Qe7 28. Bf3 g5 29. h3 Rf7 30. Rc4 Qf8 31. Bg4 Kh7 32.
Bf5+ Kh8 33. g4 Rd8 34. Qc2 Kg8 35. Be6 Kh8 36. Bxf7 Qxf7 37. Rc7 Nd7 38. Rxb7 Qe8 39. Nxd7 Rxd7 40. Qc6 Rd8 41. Qxe8+ Rxe8 42. Rb6 Bf8 43.
Rxa6 Rc8 44. b5 Rc3 45. Kf2 Rc2+ 46. Kf3 Rh2 47. b6 Rxh3+ 48. Ke2 Rh2+ 49. Kd3 Rb2 50. Ra8 Kg7 51. Rb8 h5 52. gxh5 g4 53. a6 g3 54.
a7 g2 55. a8=Q Rb3+ 56. Kd2 Rxe3 57. Rb7+ Kg8 58. Qa1 Rxe4 59. Qg1 Rg4 60. Rd7 Bh6+ 61. Ke2 Be3 62. Kxe3 1-0

[Event "*** Titled Tuesday Blitz"]
[Site "Chess.com"]
[Date "2019.01.01"]
[Round "7"]
[White "2nd_life"]
[Black "DryCounty"]
[Result "1-0"]
[WhiteElo "2435"]
[BlackElo "2730"]
[TimeControl "180+2"]
[EndTime "14:41:36 PST"]
[Termination "2nd_life won by resignation"]

1. e4 e5 2. f4 Bc5 3. Nf3 d6 4. Nc3 Nf6 5. Bc4 Nc6 6. d3 Nd4 7. Na4 Bg4 8. Nxc5 Bxf3 9. gxf3 dxc5 10. c3 Nc6 11. Qe2 Nh5 12. Qf2 exf4 13. Qxc5 Qh4+ 14. Qf2 Qxf2+ 15. Kxf2 Ne5 16. Rg1 g6 17. Rg5 Nxc4 18. dxc4 O-O-O 19. Rd5 c6 20. Rd4 g5 21. b3 Ng7 22.
Bd2 Ne6 23. Rxd8+ Rxd8 24. Ke2 h5 25. Rg1 Rg8 26. h3 Kd7 27. Be1 Ke7 28. Bf2 a6 29. a4 f6 30. a5 Rf8 31. Rd1 f5 32. exf5 Rxf5 33. b4 Re5+ 34. Kf1 Rf5 35. Re1 Kf7 36. Rd1 Ke7 37. Re1 Kf6 38. Rd1 Kg7 39. Rd6 Rf6 40.
Rd7+ Rf7 41. Rd6 Re7 42. Bb6 Kf7 43. Kf2 Ke8 44. Rd2 Rd7 45. Re2 Kf7 46. b5 axb5 47. cxb5 cxb5 48. Rb2 Rd5 49. Rc2 Nc5 50. c4 Nd3+ 51. Ke2 bxc4 52. Rxc4 Ne5 53. Rc7+ Rd7 54. Rc8 Ke6 55. Rg8 Kf5 56. Bd8 Nf7 57. Bb6 Re7+ 58.
Kf2 Ne5 59. Rf8+ Ke6 60. Rg8 Nd3+ 61. Kf1 Kf5 62. Rf8+ Ke5 63. Rg8 Kf5 64. Rf8+ Kg6 65. Rg8+ Rg7 66. Re8 Kf5 67. Rf8+ Ke6 68. Ke2 Ne5 69.
Bd4 Nc6 70. Bxg7 Nxa5 71. Rf6+ Ke7 72. Rf5 Ke6 73. Rxa5 1-0

[Event "*** Titled Tuesday Blitz"]
[Site "Chess.com"]
[Date "2019.01.01"]
[Round "7"]
[White "JMatias"]
[Black "idvidal"]
[Result "1-0"]
[WhiteElo "2361"]
[BlackElo "2457"]
[TimeControl "180+2"]
[EndTime "14:41:36 PST"]
[Termination "JMatias won by resignation"]

1. c4 c6 2. e4 d5 3. exd5 cxd5 4. d4 Nf6 5. Nc3 e6 6. Nf3 Nc6 7. c5 Be7 8. Bb5 O-O 9. O-O Ne4 10. Qc2 f5 11. a3 Bf6 12. Rd1 Bd7 13. b4 Nxc3 14.
Qxc3 Nxd4 15. Nxd4 Bxb5 16. Bb2 Bc4 17. Qc2 Qd7 18. f4 Rae8 19. Nf3 Bxb2 20. Qxb2 Qc7 21. Qe5 Qc8 22. Nd4 a6 23. Rac1 Rf7 24. Rc3 Qd7 25.
Rh3 g6 26. Re3 Rfe7 27. Rde1 a5 28. Rb1 axb4 29. axb4 Qa4 30. b5 Qa2 31. Ree1 Bd3 32. Ra1 Qb2 33. Nf3 Qc2 34. Rec1 Qe2 35. Qxe2 Bxe2 36.
Nd4 Bc4 37. c6 bxc6 38. Nxc6 Rb7 39. Nd4 Ree7 40. Rcb1 Kg7 41. b6 Kf6 42. Rb4 g5 43. g3 gxf4 44. gxf4 Rg7+ 45. Kf2 Rg4 46. Kf3 Rh4 47. Rb2 Rh3+ 48. Kg2 Rd3 49. Ra7 Rxb6 50. Rxb6 Rxd4 51. Rxh7 Rxf4 52. Rh6+ Ke5 53. Rhxe6+ Kd4 54. h3 Re4 55. Kg3 f4+ 56. Kf3 Be2+ 57. Kf2 f3 58. Rb4+ Kd3 59. Rbxe4 dxe4 60. Re7 Kd4 61. h4 Bc4 62. h5 Bg8 63. h6 Kd3 64. Rd7+ Kc2 65.
Ke3 1-0

[Event "*** Titled Tuesday Blitz"]
[Site "Chess.com"]
[Date "2019.01.01"]
[Round "7"]
[White "ChessMavenYeti"]
[Black "GremioPrudente"]
[Result "0-1"]
[WhiteElo "2087"]
[BlackElo "2035"]
[TimeControl "180+2"]
[EndTime "14:41:42 PST"]
[Termination "GremioPrudente won by checkmate"]

1. Nf3 Nf6 2. g3 d5 3. Bg2 Bf5 4. O-O e6 5. c4 c6 6. cxd5 exd5 7. d3 Be7 8. Nc3 O-O 9. e4 dxe4 10. Nh4 Bg4 11.
Qb3 Qb6 12. Qxb6 axb6 13. dxe4 Na6 14. Nf5 Bxf5 15. exf5 Rad8 16. Be3 Bc5 17. Bg5 Bd4 18. Rad1 h6 19. Bh4 Nc5 20. Rfe1 Bxc3 21. bxc3 Rxd1 22. Rxd1 Nfe4 23. c4 Ra8 24. Bd8 Rxa2 25. Bxb6 Rb2 26. Ba7 Ra2 27. f3 Rxa7 28. fxe4 Ra4 29.
Rc1 Nd3 30. Rc3 Ne5 31. c5 Rc4 32. Rxc4 Nxc4 33. Kf2 Na5 34. Ke3 Nb3 35. e5 Nxc5 36. Kd4 Na6 37. e6 fxe6 38. fxe6 Kf8 39. Ke5 Ke7 40. Bh3 Nc7 41. Bf5 Nd5 42. Be4 Ne3 43.
h4 Nf1 44. g4 Ne3 45. g5 hxg5 46. hxg5 Nc4+ 47. Kd4 Nd6 48. Bg2 Kxe6 49. Kc5 Nf7 50. g6 Ne5 51. Be4 Kf6 52. Kb6 Nxg6 53. Kxb7 Ne5 54. Kb6 g5 55. Kc5 g4 56. Kd4 g3 57. Ke3 Kg5 58. Bg2 Kh4 59. Kf4 Nd3+ 60. Ke3 Nb4 61. Kd4 Kg4 62. Kc5 Nd3+ 63. Kxc6 Nf4 64.
Be4 Ne2 65. Kc5 Ng1 66. Ba8 Nf3 67. Kc4 g2 68. Kd3 g1=Q 69. Ke2 Qe1+ 70. Kd3 Ne5+ 71. Kd4 Nd7 72. Kd5 Kf5 73. Kd6 Qe6+ 74. Kc7 Nc5 75.
Bc6 Ke5 76. Bb5 Qd6+ 77. Kc8 Ne6 78. Bd7 Qc7# 0-1

[Event "*** Titled Tuesday Blitz"]
[Site "Chess.com"]
[Date "2019.01.01"]
[Round "7"]
[White "BlackBoarder"]
[Black "Naruto-K"]
[Result "1-0"]
[WhiteElo "2568"]
[BlackElo "2489"]
[TimeControl "180+2"]
[EndTime "14:41:46 PST"]
[Termination "BlackBoarder won by resignation"]

1. e4 e6 2. d4 d5 3. Bd3 c5 4. exd5 exd5 5. Nf3 Nf6 6. O-O Be7 7. Re1 O-O 8. Nc3 Nc6 9. dxc5 Bxc5 10. Bg5 h6 11. Bxf6 Qxf6 12. Nxd5 Qxb2 13. Nd2 Qd4 14. Ne3 Be6 15. Nb3 Qd6 16. Qh5 Bb4 17. Red1 Qf4 18. g3 Qg5 19. Qxg5 hxg5 20. Bf5 Bxf5 21. Nxf5 Rad8 22. Rd3 Rxd3 23. cxd3 Rd8 24. Rd1 a5 25. a4 g6 26. Ne3 Bc3 27. Nc4 Kg7 28. Kf1 Nb4 29.
Nbxa5 b6 30. Nxb6 Rxd3 31. Rxd3 Nxd3 32. Nac4 Bd4 33. f3 Kf6 34. Ke2 Nc5 35. a5 Ke6 36. Nd2 f5 37. g4 Kd6 38. h3 Kc6 39. Nbc4 Kd5 40. Kd1 Kc6 41. Kc2 Kd5 42. Na3 Kc6 43. Nb3 Bg1 44. Nxc5 Kxc5 45. Kb3 Bf2 46. Ka4 Be1 47. Nb5 Bg3 48. a6 Kb6 49. a7 Kb7 50. Kb4 Bf2 51. Kc4 fxg4 52. hxg4 Be3 53. Kd5 Bc1 54.
Ke6 Bd2 55. Kf6 Bc1 56. Kxg6 Bd2 57. Kf5 Bc1 58. Ke6 Bf4 59. Kf5 Bc1 60. Nd4 Kxa7 61.
Ne6 Kb6 62. Nxg5 Kc6 63. Ne6 Kd7 64. g5 Ke7 65. f4 Bb2 66. g6 Bc3 67. Ng5 Bb2 68.
Nh7 Ba1 69. Kg5 Bb2 70. f5 Bc1+ 71. Kg4 Bb2 72. Kf4 Bc3 73. Ng5 Kf6 74. Ne4+ 1-0

[Event "*** Titled Tuesday Blitz"]
[Site "Chess.com"]
[Date "2019.01.01"]
[Round "7"]
[White "DrMelekess"]
[Black "nurgyulsalimova"]
[Result "1/2-1/2"]
[WhiteElo "2586"]
[BlackElo "2480"]
[TimeControl "180+2"]
[EndTime "14:41:50 PST"]
[Termination "Game drawn by repetition"]

1. d4 Nf6 2. Nf3 d5 3. e3 e6 4. c4 Be7 5. Nc3 O-O 6. Be2 dxc4 7. O-O c5 8. Bxc4 Nc6 9. dxc5 Bxc5 10. a3 a6 11. b4 Bd6 12. Bb2 b5 13. Bb3 Bb7 14.
Qe2 Qe7 15. Rfd1 Ne5 16. Nxe5 Bxe5 17. Rac1 Rfd8 18. h3 Rac8 19. Rxd8+ Rxd8 20. f4 Bb8 21. Bc2 h6 22. Rd1 Rxd1+ 23. Qxd1 Qd7 24. Qxd7 Nxd7 25.
Be4 Bc8 26. a4 Ba7 27. Kf2 bxa4 28. Nxa4 Nf6 29. Bf3 Kf8 30. Bd4 Bxd4 31. exd4 Ke7 32. Nc5 Kd6 33. Ke2 Nd5 34. Bxd5 Kxd5 35. Kd3 f6 36.
Na4 Kd6 37. g3 e5 38. fxe5+ fxe5 39. h4 Bd7 40. Nc3 Bc6 41. Kc4 g5 42. hxg5 hxg5 43. Kd3 g4 44. Ke3 Ke6 45. Kd3 Kd6 46. Kc4 exd4 47.
Kxd4 Bf3 48. Ke3 Ke5 49. Kd3 Ke6 50. Na4 Kd6 51. Kd4 Be2 52. Nc3 Bf3 53. Nb1 Kc6 54.
Nc3 Kb6 55. Kc4 Kc6 56. Kd4 Kd6 57. Ke3 Ke5 58. Kd3 Ke6 59. Kc4 Ke5 60. Kd3 Ke6 1/2-1/2

[Event "*** Titled Tuesday Blitz"]
[Site "Chess.com"]
[Date "2019.01.01"]
[Round "7"]
[White "VerdeNotte"]
[Black "fmshawnrl123"]
[Result "1/2-1/2"]
[WhiteElo "2851"]
[BlackElo "2549"]
[TimeControl "180+2"]
[EndTime "14:41:51 PST"]
[Termination "Game drawn - insufficient material"]

1. e4 c6 2. d4 d5 3. e5 Bf5 4. h4 h5 5. Bd3 Bxd3 6. Qxd3 e6 7. Bg5 Qb6 8. Nd2 Nh6 9. Bxh6 Rxh6 10. Ne2 Nd7 11.
O-O Be7 12. g3 Kf8 13. c4 dxc4 14. Nxc4 Qc7 15. Nf4 Rd8 16. Qf3 Nb6 17. Qc3 Nd5 18.
Nxd5 Rxd5 19. Rfd1 Rg6 20. Ne3 Rd8 21. d5 Bxh4 22.
Qb4+ Qe7 23. Qxe7+ Bxe7 24. dxc6 bxc6 25. Rxd8+ Bxd8 26. Rc1 Bb6 27. Nc4 Rxg3+ 28. Kf1 Rh3 29. Kg2 Rh4 30. Nxb6 axb6 31. Rxc6 Rb4 32. Rc8+ Ke7 33.
Rc7+ Ke8 34. b3 g5 35. Rc8+ Ke7 36. Rg8 Rg4+ 37. Kh2 Kd7 38. f3 Rf4 39. Rxg5 Rxf3 40. Rxh5 Rf2+ 41. Kg3 Rxa2 42. Kf4 Rb2 43. Rh3 Kc6 44. Rf3 Kd5 45. Rd3+ Kc5 46. Rf3 Kb4 47. Kg5 Re2 48. Kf6 Kc5 49. Rd3 b5 50. Rd7 Rf2+ 51.
Ke7 Kb4 52. Rd3 Rf5 53. Re3 Kc5 54. Re1 Kd4 55. Kd6 Kc3 56. Re3+ Kd4 57. Re1 Kc3 58.
Re3+ Kd4 59. Re2 Kd3 60. Re1 Kc3 61. Re3+ Kd4 62. Re1 Kc3 63. Re3+ Kd4 64. Re2 Kd3 65. Rh2 Kd4 66. Rh4+ Kc3 67. b4 f6 68. exf6 Rxf6 69.
Ke5 Rf1 70. Kxe6 Rb1 71. Kd5 Rxb4 72. Rh3+ Kc2 73. Kc5 Rb3 74. Rxb3 Kxb3 75. Kxb5 1/2-1/2

[Event "*** Titled Tuesday Blitz"]
[Site "Chess.com"]
[Date "2019.01.01"]
[Round "7"]
[White "GeorgMeier"]
[Black "sergiochess83"]
[Result "1-0"]
[WhiteElo "2825"]
[BlackElo "2762"]
[TimeControl "180+2"]
[EndTime "14:41:54 PST"]
[Termination "GeorgMeier won by resignation"]

1. Nf3 d5 2. g3 c6 3. Bg2 Bg4 4. h3 Bh5 5. c4 e6 6. O-O Nf6 7. d3 Bd6 8. Qb3 Qb6 9. Be3 Qxb3 10. axb3 Nbd7 11. g4 Bg6 12. Nh4 a6 13. Nc3 O-O 14. Rac1 Rfe8 15. Nxg6 hxg6 16. d4 Nh7 17. g5 Be7 18. h4 Nb6 19. c5 Nd7 20. f4 f6 21.
b4 Nhf8 22. Bd2 Bd8 23. e4 dxe4 24. Bxe4 Bc7 25. Kf2 Rad8 26. Be3 Kf7 27. Rh1 Ke7 28. Ra1 Nb8 29. b5 axb5 30. Ra7 Rd7 31. Rxb7 Ba5 32.
Rxd7+ Kxd7 33. Ra1 Bc7 34. Ra7 Kc8 35. Na2 e5 36. dxe5 fxe5 37. f5 gxf5 38. Bxf5+ Nfd7 39. Kf3 e4+ 40. Ke2 Re5 41. Bg4 Kd8 42. Bf4 e3 43.
Nb4 Nxc5 44. Rxc7 Re4 45. Rc8+ Ke7 46. Bxe3 Ncd7 47. Bxd7 Nxd7 48. Nxc6+ Kd6 49. Nd4 Ne5 50. Re8 Kd7 51. Rf8 Nc4 52. Nc2 Rxh4 53. b3 Rh2+ 54. Rf2 Nxe3 55. Rxh2 Nxc2 56. Kd3 Nb4+ 57. Ke4 Ke6 58.
Rf2 Na6 59. Rf5 Nc7 60. Re5+ Kd6 61. b4 g6 62. Rc5 Kd7 63. Ke5 Ne6 64. Rxb5 Nxg5 65.
Rc5 Ne6 66. Rc2 Nc7 67. Kd4 g5 68. Kc5 Ne6+ 69. Kc4 g4 70. Rg2 1-0